 Dungeon Crawl Stone Soup version 0.18.1-50-g88ac8fd (webtiles) character file.

94 nikopol the Chopper (level 4, -1/40 HPs)
             Began as a Hill Orc Berserker on Oct 22, 2016.
             Was a Believer of Trog.
             Killed by divine providence
             ... invoked by an orc priest
              (13 damage)
             ... on level 3 of the Dungeon.
             The game lasted 00:04:18 (2214 turns).

nikopol the Chopper (Hill Orc Berserker)            Turns: 2214, Time: 00:04:18

Health: -1/40      AC:  6    Str: 20    XL:     4   Next: 63%
Magic:  4/4        EV: 11    Int:  7    God:    Trog [**....]
Gold:   110        SH:  0    Dex: 10    Spells: 0 memorised, 3 levels left

rFire  . . .     SeeInvis .     a - +0 hand axe
rCold  . . .     Gourm    .     w - +0 ring mail (curse)
rNeg   . . .     Faith    .     (no shield)
rPois  .         Spirit   .     (no helmet)
rElec  .         Dismiss  .     m - +0 cloak
rCorr  .         Reflect  .     (no gloves)
SustAt .         Harm     .     (no boots)
MR     .....                    (no amulet)
Stlth  ..........               (no ring)
                                (no ring)

@: not resistant to hostile enchantments, extremely unstealthy
A: no striking features
a: Berserk, Trog's Hand, Burn Spellbooks, Renounce Religion, Convert to Beogh


You were on level 3 of the Dungeon.
You worshipped Trog.
Trog was pleased with you.
You were not hungry.

You visited 1 branch of the dungeon, and saw 3 of its levels.

You collected 110 gold pieces.

Inventory:

Hand Weapons
 a - a +0 hand axe (weapon)
Missiles
 g - 89 arrows (quivered)
Armour
 b - a +0 animal skin
 m - a +0 cloak (worn)
 u - a +0 chain mail
 w - a cursed +0 ring mail (worn)
Jewellery
 f - an uncursed amulet of regeneration {unknown}
 j - an uncursed ring of wizardry {unknown}
 q - a +4 ring of evasion {unknown}
 r - an uncursed ring of positive energy {unknown}
Scrolls
 k - 6 scrolls of identify {unknown}
 l - a scroll of magic mapping {unknown}
 t - 2 scrolls of remove curse {unknown}
 x - a scroll of amnesia {unknown}
Potions
 d - a potion of degeneration {unknown}
 e - 3 potions of heal wounds {unknown}
 h - a potion of agility {unknown}
 o - a potion of lignification {unknown}
 s - a potion of berserk rage {unknown}
 z - a potion of mutation {unknown}
Comestibles
 c - 3 bread rations
 i - a slice of pizza
 n - a meat ration
 p - 3 beef jerkies
 v - a chunk of flesh


   Skills:
 + Level 4.2 Fighting
 + Level 5.2 Axes
 + Level 3.1 Armour
 + Level 2.2 Dodging


You had 3 spell levels left.
You didn't know any spells.

Dungeon Overview and Level Annotations

Branches:
Dungeon (3/15)

Altars:


Message History

You hit the orc but do no damage.
The orc priest casts a cantrip, but nothing happens.
The orc closely misses you.
You hit the orc but do no damage. You hit the orc.
The orc is heavily wounded.
The orc hits you with a hand axe.
The orc priest miscasts a cantrip.
You closely miss the orc.
The orc is heavily wounded.
The orc hits you with a hand axe.
The orc priest invokes the aid of Beogh against you.
Beogh smites you!
* * * LOW HITPOINT WARNING * * *
You completely miss the orc.
The orc is heavily wounded.
The orc hits you but does no damage.
The orc priest mumbles some strange prayers to Beogh against you.
Beogh smites you!
You die...

### ..# #.#
##.#####.........
................
#.##.##.........
#.##.##.........
#@##.##.........
#o##.##.......
#go..rg....#
#oooo..o...#
#.......o..#
#..........#
#.##.######..o.
#..... .....
####.## .....


You could see an orc priest, a gnoll and 4 orcs.

Vanquished Creatures
  3 adders (D:2)
  An ooze (D:2)
  3 worms (D:2)
  A dart slug (D:2)
  3 giant geckos
  5 giant cockroaches
  7 goblins
  4 hobgoblins
  A kobold (D:3)
  2 quokkas
  7 bats
  2 giant newts (D:1)
  8 rats
47 creatures vanquished.

Notes
Turn   | Place    | Note
--------------------------------------------------------------
     0 | D:1      | nikopol the Hill Orc Berserker began the quest for the Orb.
     0 | D:1      | Reached XP level 1. HP: 19/19 MP: 1/1
   225 | D:1      | Reached XP level 2. HP: 25/27 MP: 2/2
   563 | D:2      | Reached XP level 3. HP: 19/33 MP: 3/3
  1204 | D:2      | Reached skill level 5 in Axes
  1219 | D:2      | Reached ** piety under Trog
  1556 | D:2      | Reached XP level 4. HP: 34/40 MP: 4/4
  2214 | D:3      | Killed from afar by an orc priest

Skill      XL: |  1  2  3  4 |
---------------+-------------+-----
Fighting       | 4 |  4.2
Axes           | 5 |  5.2
Dodging        | 2 |  2.2
Armour         | 3 |  3.1

Action                   |  1- 3 |  4- 6 || total
-------------------------+-------+-------++-------
Melee: Hand axe          |    92 |    71 ||   163
 Stab: Sleeping          |     1 |     2 ||     3
  Eat: Chunk             |     2 |     2 ||     4
Armor: Animal skin       |    15 |     3 ||    18
       Chain mail        |       |    39 ||    39
       Ring mail         |       |    12 ||    12
Dodge: Dodged            |    48 |    47 ||    95
